 Dungeon Crawl Stone Soup version 0.27.1-1-g398f81649c (webtiles) character file.

Game seed: 3086684655368913965

466 ZARRMARR the Sneak (level 7, -1/46 HPs)
             Began as an Octopode Brigand on Sept 9, 2021.
             Slain by a steam dragon (5 damage)
             ... on level 4 of the Dungeon.
             The game lasted 00:09:07 (3983 turns).

ZARRMARR the Sneak (Octopode Brigand)               Turns: 3983, Time: 00:09:08

Health: -1/46      AC:  1    Str: 17    XL:     7   Next: 8%
Magic:  10/10      EV: 14    Int: 15    God:
Gold:   197        SH:  0    Dex: 13    Spells: 10/10 levels left

rFire    . . .     SeeInvis .   a - +2 dagger (vamp)
rCold    + . .     Faith    .   (no shield)
rNeg     . . .     Spirit   .   (helmet restricted)
rPois    .         Reflect  .   (no amulet)
rElec    .         Harm     .   f - +6 ring of strength
rCorr    .         Rampage  .   h - ring of wizardry
Will     .....                  i - ring of protection from cold
Stlth    ++++......             (no ring)
HPRegen  0.15/turn              (no ring)
MPRegen  0.12/turn              (no ring)
                                (no ring)
                                (no ring)

@: no status effects
A: almost no armour, amphibious, 8 rings, camouflage 1, gelatinous body 1,
(nimble swimmer 1), tentacles
a: no special abilities


You were on level 4 of the Dungeon.
You visited 1 branch of the dungeon, and saw 4 of its levels.

You collected 197 gold pieces.

Inventory:

Hand Weapons
 a - a +2 vampiric dagger (weapon)
Missiles
 b - 23 poisoned darts
 c - a curare-tipped dart (quivered)
 e - 3 boomerangs
Jewellery
 d - a ring of ice
 f - a +6 ring of strength (left tentacle)
 h - a ring of wizardry (right tentacle)
 i - a ring of protection from cold (on tentacle)
Scrolls
 l - a scroll of fog
 m - a scroll of vulnerability {unknown}
 n - a scroll of blinking {unknown}
 o - 3 scrolls of enchant armour
 r - 2 scrolls of silence
Potions
 g - a potion of attraction {unknown}
 j - 2 potions of resistance {unknown}
 k - a potion of flight {unknown}
 p - a potion of haste {unknown}
 q - a potion of magic {unknown}


   Skills:
 + Level 3.5 Fighting
 + Level 3.5 Short Blades
 - Level 2.0 Throwing
 + Level 3.1 Dodging
 + Level 6.9 Stealth
 + Level 2.1 Spellcasting
 + Level 2.1 Earth Magic


You had 10 spell levels left.
You didn't know any spells.
Your spell library contained the following spells:

 Spells                   Type           Power      Damage    Failure   Level
 Stone Arrow              Conj/Erth      8%         3d7       16%         3
 Bolt of Magma            Conj/Fire/Erth 1%         4d4       85%         5
 Shatter                  Erth           4%         3d7*      100%        9


Dungeon Overview and Level Annotations

Branches:
Dungeon (4/15)
 Temple: D:4-7

Altars:
The Shining One


Innate Abilities, Weirdness & Mutations

You cannot wear most types of armour.
You are amphibious.
You can wear up to eight rings at the same time.
Your skin changes colour to match your surroundings (Stealth+).
Your rubbery body absorbs attacks. (AC +1, EV +1)
((You are camouflaged near water. (Stealth+)))
You have tentacles for arms and can constrict up to eight enemies at once.


Message History

You are too injured to fight recklessly!
You are too injured to fight recklessly!
You are too injured to fight recklessly!
You are too injured to fight recklessly!
Throw: 2 darts (curare)
Press: ? - help, Q - select action, (/) - cycle Shift-Dir - straight line, f - steam dragon
Aim: a steam dragon (catching its breath, 59% to hit)
You throw a curare-tipped dart.
The curare-tipped dart hits the steam dragon.
The steam dragon is poisoned.
The steam dragon convulses.
The steam dragon seems to slow down.
The steam dragon is lightly wounded.
The steam dragon barely misses you. The steam dragon misses you.
You hit the steam dragon.
You feel better.
The steam dragon is lightly wounded.
You hit the steam dragon.
You feel better.
The steam dragon is moderately wounded.
The steam dragon misses you. x2
You hit the steam dragon.
You feel better.
Your squeeze misses the steam dragon.
The steam dragon is moderately wounded.
You hit the steam dragon but do no damage.
The steam dragon is moderately wounded.
The steam dragon barely misses you. The steam dragon claws you.
You closely miss the steam dragon. Your squeeze misses the steam dragon.
The steam dragon is moderately wounded.
You hit the steam dragon.
You feel better.
Your squeeze misses the steam dragon.
The steam dragon is moderately wounded.
The steam dragon bites you. The steam dragon claws you.
* * * LOW HITPOINT WARNING * * *
Unknown command.
You barely miss the steam dragon.
The steam dragon is moderately wounded.
You hit the steam dragon.
The steam dragon is heavily wounded.
The steam dragon bites you!
* * * LOW HITPOINT WARNING * * *
The steam dragon claws you.
You die...

##). #...#
## ....#
##..
....###.>#
#......#
#....# ..
#(..# #..
##D.†# #.#
#@...## #.#
#.$###.###.#
#.### #....#
#.# ##...#
#.. #...##
#..
#....#####
#.
#........#
##
##..####...#
#...## #..#


You could see a steam dragon (poisoned, slow).

Vanquished Creatures
  A water moccasin (D:3)
  A black bear (D:4)
  An ogre (D:4)
  An orc wizard (D:4)
  5 gnolls
  2 adders (D:4)
  4 worms
  5 dart slugs
  7 orcs
  8 endoplasms
  2 giant cockroaches (D:2)
  8 goblins
  4 hobgoblins
  2 quokkas (D:1)
  4 ball pythons
  2 bats
  5 frilled lizards
  10 kobolds
  4 rats
76 creatures vanquished.

Notes
Turn   | Place    | Note
-------+----------+-------------------------------------------
     0 | D:1      | ZARRMARR the Octopode Brigand began the quest for the Orb.
     0 | D:1      | Reached XP level 1. HP: 14/14 MP: 1/1
   373 | D:1      | Reached XP level 2. HP: 19/19 MP: 2/2
   574 | D:1      | Reached XP level 3. HP: 25/25 MP: 3/3
  1608 | D:2      | Reached XP level 4. HP: 30/30 MP: 4/4
  2481 | D:3      | Noticed a water moccasin
  2487 | D:3      | Killed a water moccasin
  2488 | D:3      | Reached skill level 6 in Stealth
  2488 | D:3      | Reached skill level 1 in Spellcasting
  2488 | D:3      | Reached skill level 1 in Earth Magic
  2488 | D:3      | Reached XP level 5. HP: 36/36 MP: 6/6
  3008 | D:3      | Reached XP level 6. HP: 42/42 MP: 6/8
  3131 | D:3      | Found a glowing golden altar of the Shining One.
  3898 | D:4      | Noticed a black bear
  3901 | D:4      | Killed a black bear
  3902 | D:4      | Reached XP level 7. HP: 46/46 MP: 8/10
  3968 | D:4      | Noticed a steam dragon
  3983 | D:4      | Slain by a steam dragon

Illustrated notes

Levels and vault maps discovered:
D:1:      minmay_arrival_glassed_features, layout_loops_ring,
          minmay_misc_feat_pillars
D:2:      cheibrodos_helix_gallery, layout_loops_ring, serial_co_window_serial,
          co_window_paths_a, co_window_of_opportunity_a, co_window_corner_a,
          co_window_paths_a, co_window_of_opportunity_a, co_window_paths_a,
          co_window_corner_ca, co_window_2corner, co_window_of_opportunity_b,
          co_window_paths_c, co_window_4corner_b, glass_columns_c,
          glass_columns_c, glass_columns_c, grunt_decor_resistance,
          minmay_quantized
D:3:      layout_basic, old_standard_altar
D:4:      cheibrodos_quashed, layout_layer_cave

Skill      XL: |  1  2  3  4  5  6 |
---------------+-------------------+-----
Fighting       | 3 |  3.5
Dodging        | 2 3 |  3.1
Stealth        | 6 |  6.9
Spellcasting   | 1 2 |  2.1
Earth Magic    | 1 2 |  2.1
Short Blades   | 3 |  3.5
Throwing       | |  2.0

Action                   |  1- 3 |  4- 6 |  7- 9 || total
-------------------------+-------+-------+-------++-------
Melee: Dagger            |    45 |    76 |    14 ||   135
       Tentacles         |     6 |    14 |     3 ||    23
       Constrict         |     7 |    10 |     3 ||    20
Throw: Dart              |       |    10 |     1 ||    11
  Use: Scroll            |       |     5 |     1 ||     6
 Stab: Sleeping          |    21 |    16 |     1 ||    38
Armor: Skin              |     1 |     3 |       ||     4
Dodge: Dodged            |    11 |    24 |     8 ||    43
